 Dungeon Crawl Stone Soup version 0.21-a0-128-gf2b353c (webtiles) character file.

519 stonefruit the Insei (level 7, -1/45 HPs)
             Began as an Octopode Transmuter on July 16, 2017.
             Was an Initiate of Gozag.
             Slain by a river rat (4 damage)
             ... on level 5 of the Dungeon.
             The game lasted 00:19:12 (6660 turns).

stonefruit the Insei (Octopode Transmuter)          Turns: 6660, Time: 00:19:12

Health: -1/45      AC:  1    Str: 10    XL:     7   Next: 21%
Magic:  7/12       EV: 13    Int: 15    God:    Gozag
Gold:   482        SH:  0    Dex: 14    Spells: 6/12 levels left

rFire    . . .     SeeInvis .     - Unarmed
rCold    . . .     Gourm    .   (no shield)
rNeg     . . .     Faith    .   (helmet restricted)
rPois    .         Spirit   .   (no amulet)
rElec    .         Reflect  .   (no ring)
rCorr    .         Harm     .   (no ring)
MR       .....                  (no ring)
Stlth    ++++......             (no ring)
HPRegen  0.15/turn              (no ring)
MPRegen  0.13/turn              (no ring)
                                (no ring)
                                (no ring)

@: lethally poisoned (-1 -> -3), gold aura
A: almost no armour, stealthy swim, amphibious, 8 rings, constrict 8, camouflage
1, gelatinous body 1
a: Potion Petition, Call Merchant, Bribe Branch, Renounce Religion


You were on level 5 of the Dungeon.
You worshipped Gozag.
Gozag was aware of your devotion.
You were not hungry.

You visited 1 branch of the dungeon, and saw 5 of its levels.

You collected 694 gold pieces.
You spent 192 gold pieces at shops.
You paid 20 gold pieces to Gozag.

Inventory:

Missiles
 a - 34 arrows
 e - 37 poisoned needles
 h - 82 stones (quivered)
Armour
 r - a +1 large shield
Scrolls
 d - 4 scrolls of remove curse
 g - 4 scrolls of identify
 j - a scroll of fear
 q - a scroll of amnesia
Potions
 i - a potion of ambrosia
 n - a potion of lignification
Books
 b - a book of Changes

   Spells                             Type                      Level
   a - Beastly Appendage              Transmutation                1
   b - Sticks to Snakes               Transmutation                2
   c - Spider Form                    Transmutation/Poison         3
   d - Ice Form                       Ice/Transmutation            4
   e - Blade Hands                    Transmutation                5
Comestibles
 f - 6 fruits
 l - 4 meat rations
 m - 2 royal jellies


   Skills:
 + Level 2.1 Fighting
 - Level 2.0 Dodging
 - Level 1.1 Stealth
 - Level 5.0 Unarmed Combat
 - Level 3.3 Spellcasting
 + Level 4.2 Transmutations
 - Level 3.3 Poison Magic


You had 6 spell levels left.
You knew the following spells:

 Your Spells              Type           Power        Failure   Level  Hunger
a - Beastly Appendage     Tmut           ###...       3%          1    None
b - Sticks to Snakes      Tmut           ###.....     5%          2    ##.....
c - Spider Form           Tmut/Pois      ##........   12%         3    ###....


Dungeon Overview and Level Annotations

Branches:
Dungeon (5/15)             Temple (0/1) D:4

Altars:
Ashenzari
Cheibriados
Gozag
Kikubaaqudgha
Ru
Trog
Uskayaw
Xom
The Shining One

Shops:
D:4 *

Annotations:
D:3 sergedm's ghost, amateur DECj


Innate Abilities, Weirdness & Mutations

You cannot wear most types of armour.
You are very stealthy in the water. (Stealth+)
You are amphibious.
You can wear up to eight rings at the same time.
You can use your tentacles to constrict eight enemies at once.
Your skin changes colour to match your surroundings (Stealth+).
Your rubbery body absorbs attacks. (AC +1, EV +1)


Message History

You bludgeon the adder!
You kill the adder!
The adder bites your adder.
Your adder dies!
Unknown command.
You tentacle-slap the river rat. Your grab misses the river rat.
Your squeeze misses the river rat.
The river rat is moderately wounded.
The river rat bites you.
* * * LOW HITPOINT WARNING * * *
The river rat completely misses you.
Unknown command.
Unknown command.
You closely miss the river rat. You grab the river rat.
You tentacle-slap the river rat, but do no damage.
The river rat is moderately wounded.
You constrict the river rat. The river rat completely misses you.
The river rat bites you.
You die...
Your body crumbles into a pile of gold.

# ..# .####..#
.......# #......# #
#......#
#########≈###...$..#
#
#≈≈≈≈l@r≈≈#.......#
# #≈≈#≈#r####.....#
# #.≈.≈≈SS≈..##...#
#.....≈....###..#
#..........# #..#
#.#.##z.######..#
#...##z## #...#
#.####.# ####...#
#.S...§###......# #


You could see 2 wights, 2 adders, 2 river rats and a frilled lizard.

Vanquished Creatures
  A scorpion (D:4)
  A crimson imp (D:5)
  An orc priest (D:4)
  2 orc wizards (D:4)
  6 worker ants
  6 adders
  A white imp (D:4)
  An ooze (D:3)
  An adder skeleton (D:4)
  2 worms
  2 dart slugs (D:1)
  12 orcs
  4 ball pythons (D:3)
  2 giant cockroaches (D:1)
  6 goblins
  4 hobgoblins
  8 jackals
  9 kobolds
  A quokka (D:4)
  8 bats
  5 frilled lizards
  3 hobgoblin zombies (D:4)
  2 kobold skeletons (D:4)
  2 orc skeletons (D:4)
  2 orc zombies (D:4)
  6 rats
98 creatures vanquished.

Vanquished Creatures (collateral kills)
  The ghost of 4thArraOfDagon the Skirmisher, a weakling OpAK of Lugonu (D:5)
  A leopard gecko (D:5)
  2 orcs (D:3)
  A quokka (D:3)
5 creatures vanquished.

Grand Total: 103 creatures vanquished

Notes
Turn   | Place    | Note
-------+----------+-------------------------------------------
     0 | D:1      | stonefruit the Octopode Transmuter began the quest for the Orb.
     0 | D:1      | Reached XP level 1. HP: 13/13 MP: 3/3
    79 | D:1      | Reached XP level 2. HP: 11/18 MP: 3/5
   195 | D:1      | Learned a level 2 spell: Sticks to Snakes
  1173 | D:2      | Reached skill level 1 in Stealth
  1173 | D:2      | Reached XP level 3. HP: 21/23 MP: 4/6
  1175 | D:2      | Reached skill level 4 in Unarmed Combat
  1364 | D:2      | Found a sacrificial altar of Ru.
  1367 | D:2      | Found an ancient bone altar of Kikubaaqudgha.
  1384 | D:2      | Found a shattered altar of Ashenzari.
  1417 | D:2      | Found a bloodstained altar of Trog.
  1443 | D:2      | Found a hide-covered altar of Uskayaw.
  1447 | D:2      | Found an opulent altar of Gozag.
  1456 | D:2      | Became a worshipper of Gozag Ym Sagoz the Greedy
  1506 | D:2      | Learned a level 3 spell: Spider Form
  1861 | D:3      | Reached XP level 4. HP: 10/28 MP: 5/7
  2039 | D:3      | Found a shimmering altar of Xom.
  2143 | D:3      | Found a snail-covered altar of Cheibriados.
  2165 | D:3      | Noticed sergedm's ghost (amateur DECj)
  2284 | D:3      | Reached skill level 5 in Unarmed Combat
  2990 | D:3      | Reached skill level 1 in Poison Magic
  3366 | D:3      | Reached XP level 5. HP: 20/33 MP: 8/8
  4685 | D:4      | Found Lueciva's Assorted Antiques.
  4975 | D:4      | Bought a scroll labeled KEH PA JUECK for 32 gold pieces
  4975 | D:4      | Bought a scroll of identify for 64 gold pieces
  4975 | D:4      | Bought a scroll of teleportation for 96 gold pieces
  5348 | D:4      | Reached XP level 6. HP: 30/38 MP: 10/10
  5587 | D:4      | Found a glowing golden altar of the Shining One.
  6123 | D:4      | Found a staircase to the Ecumenical Temple.
  6416 | D:5      | Entered Level 5 of the Dungeon
  6524 | D:5      | Reached XP level 7. HP: 38/44 MP: 8/12
  6575 | D:5      | Noticed 4thArraOfDagon's ghost (weakling OpAK)
  6597 | D:5      | Killed 4thArraOfDagon's ghost
  6660 | D:5      | Slain by a river rat

Vault maps used:
D:1:      minmay_arrival_arboretum_small
D:2:      grunt_temple_overflow_diamond, bloody_trog,
          grunt_temple_overflow_open, first_bread
D:3:      old_standard_altar, nicolae_overflow_hidden_temple
D:4:      cheibrodos_pilgrimage, minmay_temple_entry_fiery, serial_shops,
          nicolae_shop_competitors_out_of_business, nicolae_tso_besieged_by_evil
D:5:      lightli_sewer_entry_pipes, serial_shops, nicolae_shop_behind_doors,
          uniq_prince_ribbit1, uniq_pikel, uniq_ijyb

Skill      XL: |  1  2  3  4  5  6  7 |
---------------+----------------------+-----
Stealth        | 1 |  1.1
Unarmed Combat | 4 5 |  5.0
Poison Magic   | 1 2 3 |  3.3
Spellcasting   | 3 |  3.3
Transmutations | 3 4 |  4.2
Fighting       | 2 |  2.1
Dodging        | |  2.0

Action                   |  1- 3 |  4- 6 |  7- 9 || total
-------------------------+-------+-------+-------++-------
Melee: Unarmed           |    62 |   181 |    17 ||   260
       Constrict         |    16 |    19 |     2 ||    37
       Kick              |    14 |     5 |       ||    19
       Tentacles         |     6 |    16 |     1 ||    23
       Punch             |       |     2 |     1 ||     3
 Cast: Beastly Appendage |    17 |    14 |       ||    31
       Sticks to Snakes  |     1 |    12 |     4 ||    17
       Spider Form       |       |    14 |     3 ||    17
Invok: Potion Petition   |       |     1 |       ||     1
 Abil: End Transformatio |       |     1 |     1 ||     2
  Use: Scroll            |     3 |     9 |       ||    12
       Potion            |       |     7 |       ||     7
 Stab: Sleeping          |     4 |     6 |       ||    10
       Distracted        |       |     2 |       ||     2
  Eat: Chunk             |     2 |       |       ||     2
       Bread ration      |       |     4 |     1 ||     5
       Fruit             |       |     1 |       ||     1
Armor: Skin              |     4 |     8 |     1 ||    13
Dodge: Dodged            |    38 |   116 |    20 ||   174
